 Dungeon Crawl Stone Soup version 0.26-a0-1002-g7355149c4d (console) character file.

Game seed: 4421952591215148978

72 jejorda2 the Vandal (level 4, -1/30 HPs)
             Began as a Halfling Hunter on Dec 5, 2020.
             Killed from afar by an orc wizard (8 damage)
             ... with a magic dart
             ... on level 3 of the Dungeon on Dec 6, 2020.
             The game lasted 00:03:34 (1506 turns).

jejorda2 the Vandal (Halfling Hunter)               Turns: 1506, Time: 00:03:34

Health: -1/30      AC:  3    Str: 14    XL:     4   Next: 48%
Magic:  4/4        EV: 14    Int:  9    God:
Gold:   84         SH:  0    Dex: 14    Spells: 3/3 levels left

rFire    . . .     SeeInvis .   b - +4 short sword
rCold    . . .     Faith    .   (shield restricted)
rNeg     . . .     Spirit   .   c - +0 leather armour
rPois    .         Reflect  .   (no helmet)
rElec    .         Harm     .   (no cloak)
rCorr    .         Rampage  .   (no gloves)
Will     .....                  (no boots)
Stlth    +.........             (no amulet)
HPRegen  0.10/turn              (no ring)
MPRegen  0.09/turn              (no ring)

@: no status effects
A: small, mutation resistance 1
a: no special abilities


You were on level 3 of the Dungeon.
You visited 1 branch of the dungeon, and saw 3 of its levels.

You collected 84 gold pieces.

Inventory:

Hand Weapons
 a - a +1 hunting sling
 b - a +4 short sword (weapon)
 j - a +0 dagger
 l - a +0 short sword
Missiles
 d - 20 sling bullets
 e - 41 stones (quivered)
Armour
 c - a +0 leather armour (worn)
Scrolls
 f - a scroll of fog {unknown}
 h - a scroll of magic mapping {unknown}
Potions
 g - a potion of lignification {unknown}
 i - a potion of curing {unknown}
 k - a potion of might {unknown}


   Skills:
 + Level 2.5 Fighting
 + Level 2.2 Short Blades
 * Level 6.9 Slings
 - Level 2.1 Dodging
 - Level 1.1 Stealth


You had 3 spell levels left.
You didn't know any spells.
Your spell library was empty.

Dungeon Overview and Level Annotations

Branches:
Dungeon (3/15)

Altars:
Gozag
Sif Muna


Innate Abilities, Weirdness & Mutations

You are small and have problems with some larger weapons.
You are somewhat resistant to further mutation.


Message History

The orc wizard misses you.
You closely miss the orc wizard.
The orc wizard is severely wounded.
The orc wizard closely misses you.
The orc wizard gestures wildly while chanting.
The orc wizard blinks!
The orc wizard points at you and mumbles some strange words.
The magic dart hits you. The orc hits you but does no damage.
You hit the orc but do no damage. The orc closely misses you.
You closely miss the orc. The orc closely misses you.
You barely miss the orc. The orc hits you with a +0 whip.
You completely miss the orc.
The orc wizard gestures wildly while chanting.
The orc wizard blinks!
The orc hits you with a +0 whip.
* * * LOW HITPOINT WARNING * * *
The orc wizard hits you with a cursed -2 dagger.
* * * LOW HITPOINT WARNING * * *
The orc wizard casts a spell at you. The magic dart hits you!
You die...

#..##..#
##.#...#
#.#...#
#.#...#
#o#...#
#o#.#.#
#.o_..#
#.#.###
#..@.#
#....#
#....#
#..<>#
#....#
#.##.#
#. .# ..
.# ###
.#


You could see an orc wizard (fast) and 2 orcs.

Vanquished Creatures
  2 adders
  2 worms (D:2)
  2 dart slugs
  2 leopard geckos (D:1)
  A giant cockroach (D:1)
  3 goblins
  2 hobgoblins
  9 jackals (D:1)
  5 kobolds
  A ball python (D:2)
  3 bats (D:1)
  5 frilled lizards
  4 rats
41 creatures vanquished.

Notes
Turn   | Place    | Note
-------+----------+-------------------------------------------
     0 | D:1      | jejorda2 the Halfling Hunter began the quest for the Orb.
     0 | D:1      | Reached XP level 1. HP: 14/14 MP: 1/1
   109 | D:1      | Reached skill level 6 in Slings
   109 | D:1      | Reached XP level 2. HP: 15/19 MP: 2/2
   113 | D:1      | Reached skill level 1 in Short Blades
   365 | D:1      | Reached XP level 3. HP: 18/24 MP: 3/3
   995 | D:2      | Reached XP level 4. HP: 30/30 MP: 4/4
  1067 | D:2      | Found a shimmering blue altar of Sif Muna.
  1432 | D:2      | Upgraded the game from 0.26-a0-980-g0fe3eaa9ac to
                  | 0.26-a0-1002-g7355149c4d
  1461 | D:3      | Found an opulent altar of Gozag.
  1479 | D:3      | Found an opulent altar of Gozag.
  1506 | D:3      | Killed from afar by an orc wizard

Illustrated notes

Levels and vault maps discovered:
D:1:      minmay_arrival_jagged, layout_basic
D:2:      layout_basic, lemuel_coloured_pillars_altar
D:3:      gammafunk_wand_slinger, layout_basic, old_standard_altar,
          old_standard_altar, lemuel_crystal_altar, grunt_gozag_statues

Skill      XL: |  1  2  3 |
---------------+----------+-----
Fighting       | 2 |  2.5
Slings         | 6 |  6.9
Short Blades   | 1 2 |  2.2
Dodging        | |  2.1
Stealth        | |  1.1

Action                   |  1- 3 |  4- 6 || total
-------------------------+-------+-------++-------
Melee: Short sword       |    98 |    38 ||   136
 Fire: Hunting sling     |     5 |     7 ||    12
 Stab: Sleeping          |     2 |     1 ||     3
Armor: Leather armour    |    20 |     3 ||    23
Dodge: Dodged            |    93 |    26 ||   119

Table legend: (Time is in decaauts)
 A = Elapsed time spent in this place.
 B = Non-inter-level travel time spent in this place.
 C = Inter-level travel time spent in this place.
 D = Time resting spent in this place.
 E = Time spent auto-exploring this place.
 F = Levels seen in this place.
 G = Mean time per level.
                   A        B        C        D        E       F      G
               +--------+--------+--------+--------+--------+-----+--------+
         Total |   1501 |   1444 |     57 |      0 |   1141 |   3 |  500.3 |
       Dungeon |   1501 |   1444 |     57 |      0 |   1141 |   3 |  500.3 |
               +--------+--------+--------+--------+--------+-----+--------+

Top non-repeatable levels by time:
     D:1: 967 daAuts
     D:2: 489 daAuts
     D:3: 43 daAuts
